 Dungeon Crawl Stone Soup version 0.22.1-6-g1668fe2 (webtiles) character file.

30811 doot the Summoner (level 13, -5/70 HPs)
             Began as a Tengu Summoner on Jan 29, 2019.
             Was an Elder of Sif Muna.
             Slain by a meliai
             ... wielding a +0 hand axe
              (7 damage)
             ... on level 5 of the Lair of Beasts.
             The game lasted 01:59:44 (24179 turns).

doot the Summoner (Tengu Summoner)                 Turns: 24179, Time: 01:59:45

Health: -5/70      AC: 11    Str: 12    XL:     13   Next: 54%
Magic:  33/39      EV: 17    Int: 22    God:    Sif Muna [****..]
Gold:   751        SH:  0    Dex: 18    Spells: 4/36 levels left

rFire    + + .     SeeInvis .   b - staff of summoning
rCold    + . .     Gourm    .   (no shield)
rNeg     . . .     Faith    +   d - +1 troll leather armour {Snorg}
rPois    .         Spirit   .   f - +1 hat
rElec    .         Reflect  .   O - +2 cloak "Xairau" {*Drain rF++ Regen+ Str+2}
rCorr    .         Harm     .   K - +1 pair of gloves of the Townfolk {Dex+4}
MR       +....                  (boots unavailable)
Stlth    ++++......             y - amulet of faith
HPRegen  1.01/turn              m - ring of magical power
MPRegen  0.26/turn              P - ring "Satygit" {rC+ MR+ Int+2 Stlth+}

@: lethally poisoned (-5 -> -5), flying quickly and evasively (expiring), divine
energy, quick
A: beak, talons 3, able to fly 1
a: Stop Divine Energy, Channel Magic, Forget Spell, Renounce Religion


You were on level 5 of the Lair of Beasts.
You worshipped Sif Muna.
Sif Muna was greatly pleased with you.
You were full.

You visited 4 branches of the dungeon, and saw 20 of its levels.
You also visited: Trove.

You collected 2118 gold pieces.
You spent 1367 gold pieces at shops.

Inventory:

Hand Weapons
 a - the +9 great mace of Zin's Benevolence {freeze, *Rage rElec rPois Str+3}
   (You found it on level 8 of the Dungeon)

   It has been specially enchanted to freeze those struck by it, causing extra
   injury to most foes and up to half again as much damage against particularly
   susceptible opponents.
   It can also slow down cold-blooded creatures.
   It affects your strength (+3).
   It insulates you from electricity.
   It protects you from poison.
   It may make you go berserk in combat.
Armour
 d - a +1 troll leather armour (worn) {Snorg}
 f - a +1 hat (worn)
 j - a +2 scale mail of positive energy
 v - the +1 leather armour of Kadd {Int+2}
   (You found it in a treasure trove)

   It affects your intelligence (+2).
 C - a scarf of resistance
 H - the +10 chain mail "Pawiett" {MR+ Dex-3 Stlth+}
   (You found it in a treasure trove)

   It affects your dexterity (-3).
   It affects your resistance to hostile enchantments.
   It makes you more stealthy.
 K - the +1 pair of gloves of the Townfolk (worn) {Dex+4}
   (You found it in a treasure trove)

   It affects your dexterity (+4).
 O - the +2 cloak "Xairau" (worn) {*Drain rF++ Regen+ Str+2}
   (You found it in a treasure trove)

   It affects your strength (+2).
   It greatly protects you from fire.
   It increases your rate of regeneration.
   It causes draining when unequipped.
Magical Staves
 b - an uncursed staff of summoning (weapon)
 q - an uncursed staff of conjuration
 r - an uncursed staff of power
 N - an uncursed staff of death
 Z - an uncursed staff of fire
Jewellery
 m - a ring of magical power (left hand)
 y - an amulet of faith (around neck)
 G - a +4 ring of intelligence
 I - the ring of Iqoonid {rElec rPois MR+ EV+4}
   (You found it on level 11 of the Dungeon)

   [ring of evasion]

   It affects your evasion (+4).
   It insulates you from electricity.
   It protects you from poison.
   It affects your resistance to hostile enchantments.
 P - the ring "Satygit" (right hand) {rC+ MR+ Int+2 Stlth+}
   (You bought it in a shop on level 2 of the Orcish Mines)

   [ring of intelligence]

   It affects your intelligence (+2).
   It protects you from cold.
   It affects your resistance to hostile enchantments.
   It makes you more stealthy.
 R - an uncursed amulet of the acrobat
 T - an uncursed ring of protection from cold
 V - an uncursed ring of protection from cold
 W - an uncursed ring of see invisible
Wands
 i - a wand of iceblast (17)
 s - a wand of scattershot (6)
 D - a wand of disintegration (9)
 Q - a wand of enslavement (10)
 X - a wand of flame (39)
 Y - a wand of acid (5)
Scrolls
 e - 3 scrolls of remove curse
 o - 2 scrolls of enchant armour
 t - a scroll of identify
 u - 3 scrolls of blinking
 x - 2 scrolls of teleportation
 F - 2 scrolls of silence
 L - 3 scrolls of magic mapping
 M - 2 scrolls of fear
 U - 2 scrolls of immolation
Potions
 g - 3 potions of magic
 k - 2 potions of resistance
 l - 4 potions of agility
 n - a potion of haste
 p - a potion of might
 w - 4 potions of curing
 z - 2 potions of invisibility
 A - a potion of berserk rage
 B - a potion of cancellation
 E - a potion of heal wounds
 J - 4 potions of flight
 S - 2 potions of mutation
Miscellaneous
 h - a fan of gales
Comestibles
 c - 8 rations


   Skills:
 + Level 3.7 Fighting
 + Level 7.1 Maces & Flails
   Level 2.9 Polearms
 + Level 1.8 Armour
 + Level 4.4 Dodging
 + Level 4.7 Stealth
 + Level 12.2 Spellcasting
 + Level 3.1 Conjurations
   Level 0.4 Hexes
 + Level 14.2 Summonings
 * Level 6.6 Necromancy
 + Level 5.2 Ice Magic
 + Level 6.5 Air Magic


You had 4 spell levels left.
You knew the following spells:

 Your Spells              Type           Power        Failure   Level  Hunger
a - Summon Hydra          Summ           #######...   16%         7    #######
b - Haunt                 Necr/Summ      ######....   56%         7    #######
c - Call Canine Familiar  Summ           #######.     1%          3    None
d - Summon Ice Beast      Ice/Summ       ######..     1%          4    None
e - Summon Lightning Spi  Summ/Air       ######..     1%          4    None
g - Iskenderun's Mystic   Conj           ####....     17%         4    None
h - Ozocubu's Armour      Chrm/Ice       ####....     6%          3    None

Your spell library contained the following spells:

 Spells                   Type           Power        Failure   Level  Hunger
 Animate Skeleton         Necr           N/A          1%          1    None
 Freeze                   Ice            ####         1%          1    None
 Magic Dart               Conj           ####         1%          1    None
 Shock                    Conj/Air       ####         1%          1    None
 Summon Small Mammal      Summ           ####         1%          1    None
 Call Imp                 Summ           #######.     1%          2    None
 Throw Frost              Conj/Ice       ####..       1%          2    None
 Summon Guardian Golem    Hex/Summ       ######..     1%          3    None
 Poisonous Vapours        Pois/Air       ####..       2%          2    None
 Searing Ray              Conj           ####..       2%          2    None
 Swiftness                Chrm/Air       ####....     2%          2    None
 Static Discharge         Conj/Air       ####....     2%          3    None
 Flame Tongue             Conj/Fire      ###..        3%          1    None
 Sting                    Conj/Pois      ###.         3%          1    None
 Ensorcelled Hibernation  Hex/Ice        ####..       3%          2    None
 Throw Flame              Conj/Fire      ###...       4%          2    None
 Mephitic Cloud           Conj/Pois/Air  ####....     4%          3    None
 Regeneration             Chrm/Necr      ####......   4%          3    None
 Airstrike                Air            #####.....   4%          4    None
 Confusing Touch          Hex            ###...       5%          1    None
 Apportation              Tloc           ##....       6%          1    None
 Dazzling Spray           Conj/Hex       ###...       9%          3    None
 Conjure Flame            Conj/Fire      ###.....     10%         3    None
 Throw Icicle             Conj/Ice       ####....     11%         4    None
 Inner Flame              Hex/Fire       ##......     17%         3    None
 Fulminant Prism          Conj/Hex       ###.......   28%         4    None
 Force Lance              Conj/Tloc      ###.....     32%         4    None
 Sticky Flame             Conj/Fire      ###.....     32%         4    None
 Olgreb's Toxic Radiance  Pois           ##......     52%         4    None
 Shadow Creatures         Summ           N/A          2%          6    #####..
 Agony                    Necr           #####...     11%         5    ####...
 Lightning Bolt           Conj/Air       ####......   24%         5    ####...
 Silence                  Hex/Air        ####......   38%         5    ####...
 Borgnjor's Vile Clutch   Necr/Erth      ####......   41%         5    ####...
 Fireball                 Conj/Fire      ###.......   65%         5    ####...
 Iskenderun's Battlesphe  Conj/Chrm      ###.....     65%         5    ####...
 Venom Bolt               Conj/Pois      ###.......   65%         5    ####...
 Bolt of Magma            Conj/Fire/Erth ###.......   73%         5    ####...
 Spellforged Servitor     Conj/Summ      ######....   83%         7    #######
 Iron Shot                Conj/Erth      ###.......   99%         6    #####..
 Darkness                 Hex            ###.......   100%        6    #####..
 Orb of Destruction       Conj           ####......   100%        7    #######
 Ignition                 Fire           ##........   100%        8    #######
 Fire Storm               Conj/Fire      ###.......   100%        9    #######


Dungeon Overview and Level Annotations

Branches:
Dungeon (12/15)            Temple (1/1) D:6            Lair (5/6) D:11
  Swamp (0/4) Lair:4       Spider (0/4) Lair:2        Slime (0/5) Lair:5
    Orc (2/2) D:9             Elf (0/3) Orc:2

Altars:
Ashenzari
Cheibriados
Dithmenos
Elyvilon
Fedhas
Gozag
Hepliaklqana
Kikubaaqudgha
Makhleb
Nemelex Xobeh
Okawaru
Qazlal
Ru
Sif Muna
Trog
Uskayaw
Vehumet
Wu Jian
Xom
Yredelemnul
Zin
The Shining One
Jiyva

Shops:
D:5 [   D:12 *   Orc:1 [   Orc:2 ***%

Annotations:
Lair:4 3 runed doors, Jayfef's ghost, journeyman MiBe


Innate Abilities, Weirdness & Mutations

You have a beak for a mouth.
You have claws for feet.
You can fly.


Message History

You are starting to lose your buoyancy.
You feel sick.
The meliai mumbles some strange prayers to its god against you.
Something smites you!
* * * LOW HITPOINT WARNING * * *
The meliai invokes the aid of its god against you.
Something smites you!
* * * LOW HITPOINT WARNING * * *
Your lightning spire shoots out a bolt of lightning at the meliai!
The bolt of electricity hits the meliai.
The meliai dies!
Sif Muna accepts your kill.
The bolt of electricity hits your lightning spire.
Your lightning spire completely resists.
Your warg bites the queen bee!
The meliai calls upon its god to heal the queen bee.
The queen bee is healed somewhat.
The meliai barely misses you.
The meliai hits your lightning spire but does no damage.
The meliai stings you!
You die... #### ##y.## #.y..# #h#.## #.#yyy ##.#yyyyy

#)y#yyy.%#
######@8#######
#.#.#.......... ...
##.............
.....##..............
.......<.............
.....#####...........
.....#P.##†..........
.............†.......
....................


You could see a queen bee, 2 meliai, a friendly warg and a friendly lightning
spire.

Vanquished Creatures
  A catoblepas (Lair:4)
  A two-headed ogre (D:10)
  A death yak (D:11)
  An orc knight (Orc:2)
  A wolf spider (D:11)
  2 black mambas (Lair:3)
  A spriggan (D:9)
  A water moccasin (Lair:2)
  8 porcupines
  5 orc warriors
  A phantom (D:8)
  An ogre (Orc:1)
  5 wolves
  3 crocodiles
  3 bullfrogs
  2 scorpions
  A water moccasin skeleton (D:5)
  6 killer bees (D:11)
  2 wights (D:9)
  An electric eel (Lair:4)
  A crimson imp (D:12)
  A hound (D:5)
  A jelly (D:10)
  3 orc wizards
  2 orc priests
  A centaur skeleton (D:9)
  An iguana (D:10)
  2 worker ants
  2 hound skeletons
  A worker ant zombie (D:11)
  A gnoll (D:4)
  An adder (D:10)
  A river rat (Lair:2)
  2 adder zombies (D:5)
  2 dart slugs
  2 worms
  3 leopard geckos
  12 orcs
  A ball python (D:7)
  4 giant cockroaches
  3 goblins
  9 hobgoblins
  6 jackals
  A kobold (D:1)
  3 quokkas
  3 bats
  A jackal skeleton (D:9)
  A leopard gecko skeleton (D:4)
  2 rats
  A plant (Lair:2)
121 creatures vanquished.

Vanquished Creatures (collateral kills)
  Nessos (Lair:5)
  The ghost of emiel the Cleaver, a journeyman NaGl of Okawaru (Lair:3)
  Josephine (D:11)
  Snorg (Orc:2)
  3 hydras
  Erolcha (D:11)
  2 catoblepae
  2 two-headed ogres (D:11)
  An alligator (Lair:5)
  9 death yaks
  3 orc high priests (Orc:2)
  Nergalle (Orc:1)
  Sonja (Orc:2)
  A skeletal warrior (D:11)
  6 orc knights (Orc:2)
  A swamp dragon (Lair:5)
  An oklob plant (Lair:1)
  4 orc sorcerers (Orc:2)
  2 deep elf magi (D:12)
  A centaur zombie (D:11)
  A manticore (D:10)
  Joseph (D:7)
  Psyche (D:11)
  9 spiny frogs
  A rime drake (Lair:2)
  6 komodo dragons
  7 trolls
  A meliai (Lair:5)
  A queen bee (D:11)
  A hornet (D:8)
  A slime creature (Lair:5)
  4 blink frogs (Lair:1)
  3 hippogriffs
  2 spectral black mambas (Lair:3)
  A redback (Lair:2)
  3 wraiths (D:11)
  A basilisk (Lair:1)
  14 yaks
  3 vampire mosquitoes (Lair:4)
  2 spectral komodo dragons (Lair:3)
  A steam dragon (D:11)
  A fire elemental (Lair:5)
  2 hungry ghosts (D:11)
  A spectral spiny frog (Lair:3)
  A hydra simulacrum (Lair:3)
  4 swamp worms (Lair:5)
  10 water moccasins
  14 porcupines
  A swamp drake (Lair:5)
  5 ice beasts
  4 sky beasts
  A black bear (D:8)
  14 orc warriors
  A necrophage (D:11)
  A phantom (D:8)
  A black mamba simulacrum (Lair:3)
  11 ogres
  12 wolves
  4 crocodiles
  2 centaurs
  A big kobold (D:11)
  Blork the orc (D:6)
  18 bullfrogs
  A scorpion (D:11)
  7 wights
  22 killer bees
  2 howler monkeys (D:8)
  A lava snake (Lair:5)
  A quasit (D:11)
  4 crimson imps
  9 orc priests
  A bullfrog skeleton (D:6)
  4 hounds
  2 jellies
  16 orc wizards
  An iguana (D:8)
  9 worker ants
  A worker ant zombie (D:8)
  2 gnolls (D:4)
  7 adders
  A river rat (Lair:2)
  A shadow imp (D:10)
  An ooze (D:5)
  3 worms
  A dart slug (D:1)
  4 leopard geckos
  47 orcs
  3 bats
  7 goblins
  3 hobgoblins
  10 jackals
  10 kobolds
  2 quokkas
  A ball python (D:2)
  7 frilled lizards
  A leopard gecko zombie (D:7)
  5 rats
  A bush (Lair:1)
  2 fungi
417 creatures vanquished.

Vanquished Creatures (others)
  A two-headed ogre (D:10)
  A black bear (D:8)
  A kobold (D:11)
  A plant (Lair:5)
4 creatures vanquished.

Grand Total: 542 creatures vanquished

Notes
Turn   | Place    | Note
-------+----------+-------------------------------------------
     0 | D:1      | doot the Tengu Summoner began the quest for the Orb.
     0 | D:1      | Reached XP level 1. HP: 10/10 MP: 4/4
   243 | D:1      | Reached skill level 5 in Summonings
   462 | D:1      | Reached XP level 2. HP: 15/15 MP: 3/6
   472 | D:1      | Learned a level 2 spell: Call Imp
   649 | D:2      | Found a bloodstained altar of Trog.
  1021 | D:3      | Reached XP level 3. HP: 20/20 MP: 7/7
  1031 | D:3      | Learned a level 3 spell: Call Canine Familiar
  1179 | D:4      | Found a basalt altar of Yredelemnul.
  1458 | D:4      | Found an opulent altar of Gozag.
  1653 | D:4      | Reached skill level 1 in Maces & Flails
  1695 | D:4      | Reached XP level 4. HP: 24/24 MP: 9/9
  1997 | D:4      | Noticed an ogre
  2017 | D:4      | Killed an ogre
  2017 | D:4      | Gained mutation: You can fly. [Tengu growth]
  2017 | D:4      | Reached XP level 5. HP: 28/28 MP: 10/10
  2067 | D:4      | Reached skill level 6 in Summonings
  2073 | D:4      | Learned a level 4 spell: Summon Ice Beast
  2442 | D:4      | Found a white marble altar of Elyvilon.
  2517 | D:4      | Found a sparkling altar of Nemelex Xobeh.
  2683 | D:5      | Entered Level 5 of the Dungeon
  2861 | D:5      | Reached XP level 6. HP: 32/33 MP: 12/12
  2886 | D:5      | Reached skill level 1 in Fighting
  3132 | D:5      | Found Seiguagyta's Antique Armour Shop.
  3259 | D:5      | Bought a runed cloak for 187 gold pieces
  3758 | D:6      | Reached XP level 7. HP: 38/38 MP: 4/14
  3768 | D:6      | Learned a level 4 spell: Summon Lightning Spire
  3868 | D:6      | Noticed Blork the orc
  4085 | D:6      | Found a glowing silver altar of Zin.
  4089 | D:6      | Found an ornate altar of the Wu Jian Council.
  4090 | D:6      | Found a radiant altar of Vehumet.
  4091 | D:6      | Found a snail-covered altar of Cheibriados.
  4270 | D:6      | Reached skill level 1 in Ice Magic
  4504 | D:6      | Killed Blork the orc
  4740 | D:6      | Reached skill level 7 in Summonings
  5042 | D:6      | Found a staircase to the Ecumenical Temple.
  5047 | Temple   | Entered the Ecumenical Temple
  5277 | Temple   | Became a worshipper of Sif Muna the Loreminder
  5946 | D:2      | Found a shimmering altar of Xom.
  6972 | D:7      | Reached skill level 1 in Polearms
  7120 | D:7      | Noticed Joseph
  7152 | D:7      | Killed Joseph
  7152 | D:7      | Reached skill level 5 in Spellcasting
  7152 | D:7      | Reached XP level 8. HP: 39/43 MP: 8/16
  7336 | D:7      | Found a burning altar of Makhleb.
  7397 | D:7      | Noticed an orange demon
  7786 | D:7      | Reached skill level 1 in Air Magic
  7790 | D:7      | Reached * piety under Sif Muna
  8007 | D:8      | Noticed a tengu conjurer
  8007 | D:8      | Noticed a gargoyle
  8007 | D:8      | Noticed an efreet
  8008 | D:8      | Noticed a cyclops
  8013 | D:8      | Noticed a kobold demonologist
  8014 | D:8      | Noticed a slime creature
  8014 | D:8      | Noticed a deep elf mage
  8270 | D:8      | Learned a level 3 spell: Summon Guardian Golem
  8496 | D:8      | Got a brightly glowing great mace
  8497 | D:8      | Identified the +9 great mace of Zin's Benevolence {freeze,
                  | *Rage rElec rPois Str+3} (You found it on level 8 of the
                  | Dungeon)
  8547 | D:8      | Noticed a hornet
  8551 | D:8      | Killed a hornet
  8551 | D:8      | Reached skill level 8 in Summonings
  9096 | D:9      | Reached ** piety under Sif Muna
  9096 | D:9      | Reached XP level 9. HP: 48/48 MP: 14/19
  9259 | D:9      | Noticed a troll
  9861 | D:9      | Killed a troll
  9900 | D:9      | Reached skill level 9 in Summonings
  9940 | D:9      | Learned a level 4 spell: Iskenderun's Mystic Blast
 10125 | D:9      | Found a glowing golden altar of the Shining One.
 10315 | D:9      | Reached *** piety under Sif Muna
 10587 | D:9      | Found a staircase to the Orcish Mines.
 10758 | D:10     | Entered Level 10 of the Dungeon
 10875 | D:10     | Noticed a manticore
 10877 | D:10     | Noticed a two-headed ogre
 10885 | D:10     | Killed a manticore
 10895 | D:10     | Killed a two-headed ogre
 10895 | D:10     | Reached XP level 10. HP: 35/54 MP: 9/22
 11050 | D:10     | Reached **** piety under Sif Muna
 11069 | D:10     | Noticed a two-headed ogre
 11081 | D:10     | Killed a two-headed ogre
 11218 | D:10     | Reached skill level 1 in Conjurations
 11431 | D:10     | Reached skill level 10 in Summonings
 11505 | D:10     | Learned a level 3 spell: Dazzling Spray
 11727 | D:11     | Noticed Josephine
 11756 | D:11     | Killed Josephine
 11756 | D:11     | Reached ***** piety under Sif Muna
 11756 | D:11     | Reached skill level 5 in Maces & Flails
 11798 | D:11     | Received a gift from Sif Muna
 11816 | D:11     | Learned a level 3 spell: Ozocubu's Armour
 12034 | D:11     | Noticed a skeletal warrior
 12392 | D:11     | Found a portal to a secret trove of treasure.
 12489 | D:11     | Noticed a death yak
 12707 | Orc:1    | Entered Level 1 of the Orcish Mines
 12800 | Orc:1    | Noticed Nergalle
 13132 | D:11     | Killed a skeletal warrior
 13137 | D:11     | Killed a death yak
 13137 | D:11     | Reached skill level 11 in Summonings
 13137 | D:11     | Reached XP level 11. HP: 60/60 MP: 9/25
 13541 | D:11     | Noticed a two-headed ogre
 13578 | D:11     | Killed a two-headed ogre
 13588 | D:11     | Noticed Psyche
 13600 | D:11     | Killed Psyche
 13876 | D:11     | Noticed a wolf spider
 13883 | D:11     | Killed a wolf spider
 14080 | D:11     | Identified Sif Muna's Collected Works on Sinister Secrets
                  | and the Blaze (Sif Muna gifted it to you on level 11 of the
                  | Dungeon)
 14080 | D:11     | Received a gift from Sif Muna
 14111 | D:11     | Got a shimmering tin ring
 14113 | D:11     | Identified the ring of Iqoonid {rElec rPois MR+ EV+4} (You
                  | found it on level 11 of the Dungeon)
 14230 | D:11     | Noticed a death yak
 14230 | D:11     | Noticed a death yak
 14230 | D:11     | Noticed a death yak
 14230 | D:11     | Noticed a death yak
 14231 | D:11     | Noticed a death yak
 14240 | D:11     | Noticed a death yak
 14264 | D:11     | Killed a death yak
 14271 | D:11     | Killed a death yak
 14283 | D:11     | Noticed a death yak
 14490 | Orc:1    | Noticed a spectral orc warlord
 14492 | Orc:1    | Killed Nergalle
 14603 | Orc:1    | Found Coybruv's Armour Boutique.
 14848 | Orc:2    | Entered Level 2 of the Orcish Mines
 14848 | Orc:2    | Noticed Snorg
 14862 | Orc:2    | Killed Snorg
 14862 | Orc:2    | Reached skill level 10 in Spellcasting
 14863 | Orc:2    | Noticed an orc knight
 14881 | Orc:2    | Killed an orc knight
 15068 | Orc:2    | Noticed Sonja
 15122 | Orc:2    | Killed Sonja
 15143 | Orc:2    | Noticed an orc knight
 15144 | Orc:2    | Noticed an orc knight
 15479 | D:12     | Noticed a deep elf mage
 15504 | D:12     | Killed a deep elf mage
 15623 | D:12     | Found Imenk's Assorted Antiques.
 15631 | D:12     | Bought a scroll of teleportation for 87 gold pieces
 15631 | D:12     | Bought a scroll labeled AFIGOAKKAPS for 29 gold pieces
 15647 | D:12     | Noticed a deep elf mage
 15664 | D:12     | Killed a deep elf mage
 15664 | D:12     | Reached skill level 12 in Summonings
 15693 | D:11     | Noticed Erolcha
 15769 | D:11     | Killed Erolcha
 15848 | D:11     | Found a staircase to the Lair.
 15903 | D:11     | Noticed a four-headed hydra
 15941 | D:11     | Killed a four-headed hydra
 16049 | Lair:1   | Entered Level 1 of the Lair of Beasts
 16374 | D:11     | Killed a death yak
 16374 | D:11     | Reached skill level 5 in Air Magic
 16477 | D:11     | Killed a death yak
 16477 | D:11     | Reached XP level 12. HP: 64/64 MP: 25/27
 16489 | D:11     | Learned a level 7 spell: Haunt
 16503 | D:11     | Killed a death yak
 16506 | D:11     | Killed a death yak
 16506 | D:11     | Reached skill level 1 in Necromancy
 16506 | D:11     | Killed a death yak
 16651 | Trove    | Entered a treasure trove
 16672 | Trove    | Got a spiked leather armour
 16687 | Trove    | Got a shimmering chain mail
 16689 | Trove    | Got a pair of steaming gloves
 16698 | Trove    | Got a twisted large shield
 16703 | Trove    | Got a blackened cloak
 16771 | D:11     | Identified the +2 cloak "Xairau" {*Drain rF++ Regen+ Str+2}
                  | (You found it in a treasure trove)
 16781 | D:11     | Identified the +1 leather armour of Kadd {Int+2} (You found
                  | it in a treasure trove)
 16791 | D:11     | Identified the +10 chain mail "Pawiett" {MR+ Dex-3 Stlth+}
                  | (You found it in a treasure trove)
 16887 | D:11     | Identified the +1 pair of gloves of the Townfolk {Dex+4}
                  | (You found it in a treasure trove)
 16896 | D:11     | Identified the cursed +0 large shield of Generosity {+Blink
                  | rC+} (You found it in a treasure trove)
 17008 | D:11     | Noticed a two-headed ogre
 17022 | D:11     | Killed a two-headed ogre
 17624 | Orc:2    | Found a staircase to the Elven Halls.
 17865 | Orc:2    | Noticed an orc high priest
 17870 | Orc:2    | Noticed an orc high priest
 17870 | Orc:2    | Killed an orc high priest
 17877 | Orc:2    | Noticed a sun demon
 18110 | Orc:2    | Killed an orc high priest
 18327 | Orc:2    | Reached skill level 5 in Ice Magic
 18433 | Orc:2    | Reached skill level 13 in Summonings
 18600 | Orc:2    | Noticed an orc high priest
 18610 | Orc:2    | Killed an orc high priest
 18639 | Orc:2    | Noticed a sun demon
 18665 | Orc:2    | Reached skill level 1 in Armour
 18697 | Orc:2    | Found Pisain's Assorted Antiques.
 18703 | Orc:2    | Found Tehub's Assorted Antiques.
 18705 | Orc:2    | Found Lyafoc's Food Shop.
 18705 | Orc:2    | Found Wofac's Assorted Antiques.
 18762 | Orc:2    | Bought an ancient silver ring for 100 gold pieces
 18762 | Orc:2    | Bought a metal-bound book for 300 gold pieces
 18762 | Orc:2    | Bought a scroll labeled KIRHUS ZYRON for 20 gold pieces
 18779 | Orc:2    | Identified the ring "Satygit" {rC+ MR+ Int+2 Stlth+} (You
                  | bought it in a shop on level 2 of the Orcish Mines)
 18790 | Orc:2    | Bought a metal-bound book for 420 gold pieces
 18790 | Orc:2    | Bought a scroll of remove curse for 84 gold pieces
 18790 | Orc:2    | Bought a potion of heal wounds for 140 gold pieces
 19473 | Lair:1   | Identified the Disquisition on Summoning and
                  | Self-Improvement
 19548 | Lair:1   | Learned a level 7 spell: Summon Hydra
 19951 | Lair:2   | Found a hole to the Spider Nest.
 21070 | Lair:3   | You fall through a shaft for 2 floors!
 21119 | Lair:4   | Found a staircase to the Swamp.
 21205 | Lair:4   | Reached skill level 5 in Necromancy
 21205 | Lair:4   | Reached XP level 13. HP: 69/69 MP: 21/29
 21591 | Lair:3   | Found a runed gate.
 21592 | Lair:3   | Found a runed gate.
 21593 | Lair:3   | Found a runed gate.
 21608 | Lair:3   | Noticed emiel's ghost (journeyman NaGl)
 22410 | Lair:3   | Killed emiel's ghost
 23114 | Lair:4   | Reached skill level 14 in Summonings
 23162 | Lair:4   | Found a runed gate.
 23162 | Lair:4   | Found a runed gate.
 23162 | Lair:4   | Found a runed gate.
 23167 | Lair:4   | Noticed Jayfef's ghost (journeyman MiBe)
 23319 | Lair:5   | Got a faintly glowing trident
 23320 | Lair:5   | Identified the +9 trident of the Exiled Beggars {flame,
                  | Dex+3} (You found it on level 5 of the Lair of Beasts)
 23500 | Lair:5   | Found a viscous altar of Jiyva.
 23500 | Lair:5   | Found a staircase to the Slime Pits.
 23520 | Lair:5   | Noticed Nessos
 23688 | Lair:5   | Killed Nessos
 24179 | Lair:5   | HP: 2/70 [meliai/divine providence (15)]
 24179 | Lair:5   | Slain by a meliai

Skill      XL: |  1  2  3  4  5  6  7  8  9 10 11 12 13 |
---------------+----------------------------------------+-----
Summonings     | 5 6 7 8 9 11 12 13 14 | 14.2
Maces & Flails | 1 2 4 5 6 7 |  7.1
Spellcasting   | 3 4 5 6 7 9 10 11 12 | 12.2
Fighting       | 1 2 3 |  3.7
Stealth        | 3 4 |  4.7
Ice Magic      | 1 2 3 4 5 |  5.2
Dodging        | 3 4 |  4.4
Polearms       | 2 |  2.9
Air Magic      | 2 3 5 6 |  6.5
Conjurations   | 3 |  3.1
Necromancy     | 5 6 |  6.6
Armour         | 1 |  1.8
Hexes          | |  0.4

Action                   |  1- 3 |  4- 6 |  7- 9 | 10-12 | 13-15 || total
-------------------------+-------+-------+-------+-------+-------++-------
Melee: Kick              |     7 |     9 |    13 |    32 |     7 ||    68
       Unarmed           |     1 |       |       |       |       ||     1
       Mace              |    29 |    39 |     1 |       |       ||    69
       Whip              |     6 |       |       |       |       ||     6
       Peck              |     2 |     4 |    13 |    17 |     6 ||    42
       Glaive            |       |       |    84 |       |       ||    84
       Great mace        |       |       |    39 |   116 |    15 ||   170
       Staff             |       |       |       |       |    10 ||    10
 Cast: Summon Small Mamm |    16 |       |       |       |       ||    16
       Call Imp          |    13 |     5 |     7 |       |       ||    25
       Call Canine Famil |     4 |    12 |    40 |    90 |    16 ||   162
       Summon Ice Beast  |       |     6 |    40 |    99 |     7 ||   152
       Summon Lightning  |       |       |    23 |    83 |    17 ||   123
       Summon Guardian G |       |       |     4 |     5 |       ||     9
       Iskenderun's Myst |       |       |       |     3 |       ||     3
       Summon Hydra      |       |       |       |     7 |    38 ||    45
       Haunt             |       |       |       |       |     4 ||     4
Invok: Forget Spell      |       |       |       |     1 |       ||     1
       Divine Energy     |       |       |       |       |     1 ||     1
 Abil: Fly               |       |       |       |     1 |     2 ||     3
  Use: Potion            |       |     2 |     1 |     1 |     6 ||    10
       Scroll            |       |       |     2 |    28 |     4 ||    34
 Stab: Sleeping          |     2 |     3 |     6 |     3 |     1 ||    15
       Distracted        |       |       |     1 |     5 |     1 ||     7
  Eat: Chunk             |     4 |     5 |    20 |    23 |    12 ||    64
       Ration            |       |     1 |     4 |     6 |     7 ||    18
Armor: Robe              |    14 |    14 |    27 |    29 |       ||    84
       Troll leather arm |       |       |       |    22 |    19 ||    41
Dodge: Dodged            |    41 |    35 |   122 |   143 |    30 ||   371
